Map: Ascension to Aiur LE

Players

Maplez - Winner!

  • Race: Protoss Protoss
  • League: Grandmaster
  • Spawn Location: 11:00

llllllllllll

  • Race: Terran Terran
  • League: Grandmaster
  • Spawn Location: 5:00

VOD

Have the link to the VOD?

Description

Time

  • Played on: Jan. 7, 2018, 6:25 p.m.
  • Length: 16:18
Show
View Real Time Build Order
Export as new Build Order

Maplez Protoss - Winner!

Build Orders: 1 Gate Expand 

Get SALT Encoding   

  12  0:00  Probe  
  13  0:12  Probe  
  14  0:17  Pylon  
  14  0:25  Probe (Chrono Boost)  
  15  0:37  Probe (Chrono Boost), Gateway  
  16  0:44  Probe (Chrono Boost)  
  16  0:45  Assimilator  
  17  0:51  Probe  
  18  1:03  Probe  
  19  1:15  Probe  
  20  1:23  Nexus  
  20  1:27  Probe  
  21  1:35  Cybernetics Core  
  21  1:39  Probe  
  22  1:43  Assimilator  
  22  1:52  Pylon  
  21  1:55  Probe  
  22  2:07  Probe  
  23  2:09  Stalker (Chrono Boost)  
  23  2:12  Warp Gate  
  25  2:19  Probe  
  26  2:23  Robotics Facility  
  26  2:32  Stalker  
  26  2:35  Probe (Chrono Boost)  
  29  2:38  Probe (Chrono Boost)  
  30  2:46  Probe (Chrono Boost)  
  30  2:47  Probe (Chrono Boost)  
  30  2:51  Probe (Chrono Boost)  
  32  2:52  Probe (Chrono Boost)  
  34  3:01  Probe, Gateway  
  33  3:10  Immortal (Chrono Boost)  
  33  3:15  Probe  
  38  3:21  Shield Battery  
  38  3:24  Stalker (Chrono Boost)  
  40  3:32  Gateway  
  40  3:34  Probe  
  41  3:35  Probe  
  42  3:44  Observer  
  42  3:46  Probe  
  42  3:48  Probe  
  45  3:58  Probe  
  46  4:08  Twilight Council  
  46  4:11  Pylon  
  46  4:20  Pylon  
  46  4:29  Probe x2  
  46  4:31  Nexus  
  48  4:33  Assimilator  
  48  4:34  Assimilator  
  48  4:35  Pylon  
  48  4:39  Observer  
  48  4:41  Probe x2  
  48  4:42  Sentry x3  
  57  4:53  Probe x2, Gateway  
  57  4:56  Gateway  
  57  4:57  Blink (Chrono Boost)  
  59  5:05  Probe x2  
  61  5:10  Immortal (Chrono Boost)  
  65  5:17  Probe  
  65  5:20  Gateway  
  66  5:21  Gateway  
  66  5:26  Pylon  
  66  5:27  Probe  
  67  5:41  Gateway  
  67  5:43  Probe  
  67  5:46  Immortal (Chrono Boost)  
  67  5:48  Pylon  
  71  5:51  Probe x2  
  71  5:55  Pylon  
  73  5:59  Sentry  
  73  6:00  Stalker  
  73  6:02  Probe  
  73  6:03  Probe  
  79  6:08  Probe, Pylon  
  80  6:16  Probe  
  81  6:26  Stalker x3  
  81  6:29  Pylon  
  85  6:42  Probe  
  85  6:45  Stalker x2  
  85  6:46  Stalker x3  
  90  6:50  Probe  
  85  6:54  Pylon  
  85  6:57  Probe  
  85  7:00  Probe, Charge (Chrono Boost)  
  87  7:03  Probe, Observer  
  88  7:09  Probe  
  88  7:13  Forge  
  88  7:14  Zealot  
  88  7:15  Forge, Stalker x3  
  93  7:17  Sentry x3  
  93  7:19  Sentry  
  105  7:30  Pylon  
  105  7:32  Shield Battery, Pylon  
  105  7:35  Stalker  
  103  7:50  Probe  
  94  7:55  Stalker x2  
  94  7:56  Stalker x3  
  94  7:57  Protoss Ground Weapons Level 1 (Chrono Boost)  
  94  7:58  Protoss Ground Armor Level 1 (Chrono Boost)  
  88  7:59  Stalker  
  88  8:01  Zealot x2  
  94  8:05  Probe  
  94  8:07  Assimilator  
  94  8:11  Assimilator  
  94  8:13  Probe  
  94  8:16  Observer  
  96  8:23  Zealot x7  
  110  8:35  Nexus  
  110  8:36  Pylon  
  110  8:43  Immortal  
  114  8:57  Zealot x5  
  114  9:01  Sentry x3  
  130  9:04  Pylon  
  119  9:22  Zealot x2  
  119  9:23  Zealot x3  
  107  9:31  Zealot x3  
  77  9:47  Stalker x2  
  77  9:48  Stalker x3  
  79  10:00  Stalker x2  
  79  10:01  Stalker  
  77  10:16  Probe, Templar Archives  
  77  10:17  Probe  
  79  10:22  Zealot x3  
  79  10:23  Protoss Ground Weapons Level 2 (Chrono Boost), Sentry  
  79  10:24  Sentry x4  
  79  10:26  Immortal (Chrono Boost)  
  94  10:37  Probe  
  94  10:41  Shield Battery  
  94  10:42  Shield Battery  
  92  10:43  Zealot x3  
  98  10:51  Shield Battery  
  98  10:53  Shield Battery  
  98  10:54  Immortal (Chrono Boost)  
  98  10:56  High Templar x4  
  110  10:59  Zealot  
  110  11:02  Archon x2  
  110  11:04  Stalker  
  113  11:06  Pylon  
  113  11:12  High Templar x2  
  115  11:21  Psionic Storm  
  87  11:26  Zealot  
  87  11:28  Archon  
  87  11:31  Zealot x4  
  89  11:38  Zealot  
  81  11:47  Stalker  
  81  11:48  Stalker  
  75  11:56  Zealot x4  
  75  12:04  Immortal (Chrono Boost)  
  75  12:05  Stalker x2  
  75  12:15  Zealot x2  
  75  12:17  Zealot  
  75  12:18  Zealot x3  
  69  12:35  High Templar x4  
  69  12:36  Immortal (Chrono Boost)  
  80  12:48  Stalker x2  
  80  12:49  Stalker x2  
  88  12:55  Shield Battery  
  87  13:02  Zealot x2  
  85  13:07  Zealot  
  76  13:15  Archon  
  76  13:19  Zealot x2  
  72  13:27  Zealot x2  
  72  13:31  Stalker  
  78  13:39  Stalker  
  78  13:40  Stalker  
  76  13:58  High Templar x3  
  76  13:59  High Templar  
  84  14:04  Zealot x3  
  84  14:09  Nexus  
  89  14:16  Assimilator  
  89  14:17  Assimilator  
  89  14:18  Pylon  
  89  14:25  Zealot x3  
  95  14:42  Zealot  
  95  14:43  Zealot x2  
  101  14:48  Zealot x3  
  106  15:01  Stalker  
  106  15:08  Stalker x4  
  110  15:26  Zealot x3  
  106  15:38  Stalker x3  
  108  15:50  Zealot x4  
Show
View Real Time Build Order
Export as new Build Order

llllllllllll Terran 

Build Orders: MMM Bio 

Get SALT Encoding   

  12  0:00  SCV  
  13  0:13  SCV  
  14  0:17  Supply Depot  
  14  0:25  SCV  
  15  0:38  SCV  
  15  0:40  Barracks  
  16  0:50  SCV  
  17  1:03  SCV  
  18  1:04  Refinery  
  18  1:15  SCV  
  19  1:28  Orbital Command, Marine  
  20  1:47  Barracks Tech Lab  
  20  1:52  Command Center  
  20  1:53  SCV  
  21  1:59  Supply Depot  
  21  2:05  Concussive Shells  
  21  2:06  Marauder  
  23  2:17  Barracks  
  23  2:20  SCV  
  24  2:27  Marauder  
  26  2:32  Barracks  
  26  2:35  SCV  
  27  2:37  Refinery  
  27  2:47  SCV  
  27  2:48  Marine  
  29  2:51  Stimpack  
  29  2:59  SCV  
  30  3:06  Orbital Command  
  30  3:10  Marine, Barracks Reactor  
  31  3:14  Engineering Bay  
  31  3:16  SCV  
  32  3:22  Barracks Reactor  
  32  3:28  SCV, Marine  
  32  3:32  SCV  
  32  3:33  Supply Depot  
  35  3:40  SCV  
  36  3:45  SCV  
  36  3:47  Marauder  
  39  3:55  Marine x2  
  39  3:56  SCV  
  39  3:57  SCV  
  41  4:03  Marine x2  
  41  4:08  SCV, Marauder  
  41  4:09  SCV  
  44  4:10  Factory, Supply Depot  
  44  4:13  Marine x2  
  46  4:20  SCV  
  46  4:21  Marine x2  
  46  4:22  SCV  
  50  4:26  Refinery  
  52  4:31  Marauder  
  52  4:32  SCV  
  52  4:33  Marine  
  52  4:34  Supply Depot, Marine  
  52  4:37  SCV  
  56  4:40  Marine x2  
  56  4:44  SCV  
  59  4:46  Terran Infantry Weapons Level 1  
  59  4:49  SCV  
  60  4:55  Starport, Factory Reactor  
  60  4:57  Supply Depot  
  60  4:58  Combat Shields  
  60  5:01  SCV  
  60  5:03  SCV  
  60  5:06  Marine x3  
  65  5:08  Marine  
  68  5:14  Marauder  
  68  5:15  SCV x2  
  68  5:19  Supply Depot  
  68  5:21  Supply Depot  
  70  5:27  Marine  
  70  5:28  Marine x3  
  73  5:29  SCV  
  73  5:30  SCV  
  75  5:38  Medivac  
  75  5:40  Medivac, Factory Reactor  
  79  5:47  Marine x4  
  79  5:48  Marauder  
  85  5:56  Supply Depot  
  85  6:03  Supply Depot  
  85  6:05  Command Center  
  85  6:09  Marine x2  
  85  6:10  Marine  
  88  6:13  Marine x2  
  90  6:20  Widow Mine, Missile Turret  
  90  6:22  Widow Mine  
  94  6:29  Marine x3  
  94  6:32  Marauder  
  95  6:41  Terran Infantry Armor Level 1  
  95  6:43  Marine  
  82  6:47  Marine  
  82  6:53  Marauder  
  77  6:55  Marine x2  
  77  6:56  Widow Mine, Medivac  
  77  6:57  Widow Mine, Medivac  
  77  6:58  SCV x2  
  89  7:04  Refinery  
  83  7:08  Marine  
  83  7:09  Marine  
  83  7:13  Marine  
  83  7:14  Barracks x2, Marauder  
  88  7:15  Marine  
  88  7:17  Orbital Command  
  88  7:21  SCV x2  
  91  7:27  Widow Mine x2  
  95  7:35  SCV x2  
  95  7:36  Marauder, Marine x3  
  95  7:37  Marine  
  93  7:50  Liberator  
  85  7:51  Liberator  
  85  7:54  Marine x3  
  85  7:57  Marauder  
  85  7:58  Marine  
  85  7:59  Widow Mine x2  
  85  8:03  SCV x2  
  91  8:12  Barracks Tech Lab x2, Marine x2  
  99  8:15  Marine x2  
  99  8:16  SCV x2  
  99  8:18  Marauder  
  99  8:19  SCV  
  106  8:20  Widow Mine  
  106  8:21  Widow Mine  
  110  8:28  SCV x2  
  110  8:31  SCV  
  110  8:33  Liberator, Marine x4  
  117  8:34  Liberator  
  117  8:35  Marauder  
  117  8:40  SCV x2  
  121  8:42  Widow Mine x2  
  121  8:48  Supply Depot  
  125  8:50  SCV  
  125  8:52  SCV  
  133  9:09  Marine x2  
  141  9:10  Marauder x3, Marine  
  141  9:13  Widow Mine  
  141  9:14  Marine  
  141  9:16  Widow Mine  
  127  9:27  Marine x2  
  127  9:28  Marine  
  127  9:31  Marauder x3, Marine  
  119  9:45  Marine x2  
  110  9:46  Marine  
  110  9:49  Marine  
  114  9:52  Marauder x3  
  108  10:03  Marine x2  
  108  10:04  Marine  
  108  10:07  Marine  
  107  10:14  Marauder x3  
  107  10:15  Widow Mine x2  
  107  10:19  Medivac x2  
  107  10:20  Marine x2  
  117  10:22  Marine  
  118  10:32  Supply Depot x2  
  118  10:35  Marine  
  118  10:48  Marine x2  
  118  10:49  Marauder x3  
  126  10:53  Medivac x2, Marine x2  
  132  11:06  Widow Mine x2, Marine x2  
  132  11:10  Marauder x2  
  142  11:15  Marine  
  142  11:17  Marauder  
  136  11:24  Marine x2  
  119  11:30  Marine  
  119  11:32  Marauder x2  
  117  11:33  Marine  
  117  11:35  Widow Mine  
  117  11:36  Widow Mine  
  117  11:39  Marauder  
  121  11:44  Marine  
  121  11:45  Marine  
  120  11:48  Marine  
  120  11:53  Marauder x2  
  116  11:58  Marine  
  116  12:00  Marauder  
  112  12:05  Marine x2  
  112  12:06  Marine  
  113  12:15  Marauder x2  
  113  12:16  Marine  
  113  12:18  Liberator  
  113  12:19  Liberator  
  113  12:21  Marauder  
  108  12:30  Marine  
  108  12:31  Marine x2  
  108  12:36  Marauder x2  
  121  12:51  Marine  
  121  12:52  Marauder  
  124  12:59  Marine x2  
  124  13:01  Liberator  
  124  13:06  Marauder, Marine  
  124  13:07  Marauder  
  126  13:17  Marauder, Marine  
  103  13:28  Marauder x2, Marine  
  107  13:34  Marine  
  107  13:38  Marauder  
  108  13:45  Liberator  
  97  13:49  Marauder  
  97  13:52  Liberator  
  97  13:54  Marauder, Marine x4  
  96  14:00  Marauder  
  96  14:02  Orbital Command  
  100  14:10  Marine  
  101  14:22  Orbital Command  
  101  14:25  Marine  
  101  14:26  Marine  
  103  14:31  Liberator  
  103  14:32  Marine x2  
  103  14:35  Marauder, Liberator  
  113  14:56  Marauder x2  
  117  15:01  Marauder  
  114  15:14  Liberator  
  114  15:16  Marine x4  
  114  15:17  Marauder x2  
  120  15:22  Marauder  
  120  15:24  Widow Mine  
  124  15:34  Marine x4  
  123  15:38  Marauder  
  123  15:39  Marauder  
  118  15:44  Marauder  
  118  15:47  Refinery  
  118  15:49  Refinery  
  120  15:51  Widow Mine x2, Marine  
Tags
 
Add a new tag
Caveats
  • Supply blocks, unpowered buildings, or Contaminate may cause inaccurate times.
  • Supply counts are checked every 10 seconds.